Map: [ESL] Data-C

Players

Lambo - Winner!

  • Race: Zerg Zerg
  • Spawn Location: 3:00

Hellraiser

  • Race: Protoss Protoss
  • Spawn Location: 9:00

Event: DreamHack SC2 Masters 2022 Atlanta (Online)

VOD

Have the link to the VOD?

Description

Time

  • Played on: Oct. 1, 2022, 11:47 a.m.
  • Length: 11:49

All games in this series

Show
View Real Time Build Order
Export as new Build Order

Lambo Zerg - Winner!

Build Orders: Hatch First 

Get SALT Encoding   

  12  0:00  Drone  
  13  0:12  Overlord  
  13  0:16  Drone  
  14  0:31  Drone x2  
  16  0:42  Drone  
  17  0:52  Hatchery  
  17  0:55  Drone  
  17  0:59  Drone  
  18  1:10  Extractor  
  17  1:13  Spawning Pool  
  17  1:16  Drone  
  17  1:20  Drone  
  18  1:28  Drone  
  19  1:38  Drone  
  20  1:54  Hatchery  
  19  2:02  Zergling x2  
  19  2:06  Overlord  
  19  2:07  Queen, Extractor  
  23  2:23  Hatchery  
  23  2:24  Metabolic Boost  
  22  2:30  Drone x2  
  22  2:33  Drone  
  25  2:43  Queen  
  27  2:46  Drone  
  28  2:54  Drone  
  29  3:06  Drone x2  
  29  3:07  Queen  
  33  3:14  Overlord  
  33  3:18  Drone x3  
  36  3:32  Drone x2  
  36  3:33  Drone  
  39  3:34  Queen  
  39  3:35  Queen  
  39  3:38  Overlord  
  39  3:39  Drone  
  44  3:44  Queen  
  44  3:48  Drone  
  47  3:51  Drone  
  47  3:52  Drone  
  47  3:54  Zergling x2  
  50  3:56  Zergling x4  
  50  4:00  Overlord  
  52  4:05  Drone x2  
  52  4:09  Drone x2  
  56  4:16  Drone x2  
  58  4:24  Drone  
  58  4:25  Drone x4  
  58  4:27  Spore Crawler  
  58  4:31  Drone x4, Roach Warren  
  66  4:36  Overlord  
  65  4:39  Drone  
  65  4:42  Overlord  
  65  4:43  Overlord  
  65  4:51  Zergling x2, Extractor  
  65  4:52  Overlord  
  65  4:53  Extractor  
  65  4:56  Zergling x6  
  65  4:57  Drone  
  65  4:58  Spore Crawler, Drone x2  
  65  4:59  Lair  
  69  5:06  Drone  
  69  5:07  Drone x4  
  74  5:15  Drone x4  
  74  5:18  Drone, Extractor  
  78  5:23  Zergling x4  
  79  5:28  Spore Crawler, Zergling x2  
  79  5:31  Drone  
  79  5:33  Drone x4  
  83  5:42  Evolution Chamber  
  82  5:43  Spore Crawler  
  82  5:45  Drone x3  
  82  5:48  Hatchery  
  80  5:50  Roach x3  
  80  5:51  Extractor  
  80  5:53  Drone x2  
  80  5:56  Overlord  
  80  5:57  Drone x3  
  90  5:59  Glial Reconstitution  
  90  6:03  Overseer  
  90  6:05  Overlord  
  90  6:06  Roach  
  90  6:07  Roach x3  
  90  6:08  Zerg Missile Weapons Level 1  
  98  6:13  Extractor, Overlord  
  98  6:18  Baneling Nest, Overlord  
  96  6:19  Overlord  
  96  6:23  Ravager x2  
  96  6:24  Ravager, Overlord  
  96  6:25  Zergling x8, Roach  
  104  6:26  Zergling x2  
  104  6:32  Roach x4  
  113  6:33  Zergling x2  
  113  6:39  Ravager  
  115  6:43  Roach x2  
  115  6:47  Roach  
  115  6:51  Roach  
  117  6:55  Zergling x2, Roach x6  
  117  6:59  Roach x2  
  131  7:03  Roach x3  
  131  7:05  Roach  
  139  7:09  Roach x2  
  143  7:16  Overlord  
  143  7:19  Overlord  
  143  7:20  Roach  
  143  7:21  Overlord  
  143  7:22  Overlord x2  
  141  7:25  Roach x4  
  143  7:30  Centrifugal Hooks  
  143  7:31  Zergling x2  
  143  7:34  Overlord  
  143  7:36  Drone x5  
  148  7:38  Drone  
  148  7:42  Ravager  
  150  7:46  Drone x2  
  150  7:47  Drone  
  150  7:51  Hatchery  
  152  7:53  Drone x3  
  152  7:54  Drone x5  
  152  7:55  Ravager x3  
  163  7:59  Zergling x8  
  163  8:00  Ravager x2  
  163  8:03  Zerg Melee Weapons Level 1  
  164  8:13  Zergling x10  
  164  8:18  Zergling x14  
  176  8:21  Zergling x4  
  174  8:38  Zergling x2  
  174  8:39  Zergling x20  
  180  8:52  Spine Crawler  
  172  8:56  Zergling x24  
  172  9:01  Zergling x6  
  166  9:10  Roach x6  
  166  9:15  Roach x6  
  184  9:22  Zergling x6  
  184  9:23  Zergling x8  
  186  9:26  Queen  
  186  9:27  Queen  
  190  9:31  Ravager  
  190  9:33  Zergling x12  
  190  9:34  Baneling x3  
  190  9:35  Baneling x22  
  197  9:38  Spine Crawler  
  196  9:47  Ravager  
  196  9:52  Baneling x14  
  197  9:56  Spine Crawler  
  196  10:02  Zergling x2  
  196  10:03  Baneling x4  
  196  10:07  Extractor  
  196  10:11  Zergling x4  
  195  10:17  Zergling x8  
  198  10:22  Zergling x6  
  198  10:27  Zergling x2  
  198  10:28  Zergling x4  
  192  10:30  Overlord x3  
  192  10:34  Overlord  
  192  10:41  Overlord  
  192  10:42  Overlord  
  184  10:49  Zergling x4  
  183  10:51  Drone x3  
  183  10:52  Hatchery  
  183  10:53  Zergling x18  
  183  10:55  Hatchery  
  183  10:56  Baneling x12  
  193  11:01  Zergling x4  
  193  11:03  Baneling x3  
  195  11:07  Zergling x2  
  195  11:08  Zergling x4  
  195  11:09  Baneling x10  
  198  11:16  Zergling x4  
Show
View Real Time Build Order
Export as new Build Order

Hellraiser Protoss 

Build Orders: Nexus First 

Get SALT Encoding   

  12  0:00  Probe  
  13  0:12  Probe  
  14  0:19  Pylon  
  14  0:24  Probe  
  15  0:37  Probe (Chrono Boost)  
  16  0:47  Probe (Chrono Boost)  
  17  0:52  Probe (Chrono Boost)  
  18  1:05  Nexus  
  18  1:15  Forge  
  18  1:29  Pylon  
  18  1:37  Gateway  
  18  1:41  Pylon  
  18  1:51  Photon Cannon  
  18  1:54  Probe  
  18  1:59  Assimilator  
  19  2:03  Assimilator  
  19  2:06  Probe (Chrono Boost)  
  20  2:18  Probe (Chrono Boost)  
  20  2:20  Photon Cannon  
  22  2:26  Cybernetics Core, Probe (Chrono Boost)  
  22  2:29  Probe (Chrono Boost)  
  23  2:33  Probe (Chrono Boost)  
  24  2:42  Probe x2 (Chrono Boost)  
  26  2:47  Probe (Chrono Boost)  
  26  2:49  Probe  
  28  2:59  Probe  
  28  3:02  Warp Gate, Probe (Chrono Boost)  
  28  3:03  Adept  
  32  3:07  Pylon  
  33  3:14  Probe (Chrono Boost)  
  33  3:16  Probe (Chrono Boost)  
  34  3:23  Probe (Chrono Boost)  
  34  3:25  Probe (Chrono Boost)  
  36  3:29  Twilight Council  
  36  3:32  Probe x2 (Chrono Boost)  
  40  3:37  Adept, Probe  
  40  3:40  Probe  
  42  3:45  Pylon  
  42  3:47  Gateway  
  42  3:49  Probe  
  42  3:52  Probe  
  44  4:02  Probe  
  45  4:05  Nexus  
  45  4:07  Stalker  
  47  4:11  Protoss Ground Weapons Level 1  
  47  4:16  Pylon  
  47  4:17  Probe  
  47  4:18  Probe  
  47  4:20  Blink (Chrono Boost)  
  49  4:29  Gateway, Probe  
  50  4:33  Gateway  
  50  4:35  Probe  
  51  4:41  Probe  
  52  4:47  Robotics Facility, Probe  
  52  4:49  Assimilator  
  52  4:50  Assimilator  
  53  4:54  Pylon  
  53  4:55  Probe  
  55  5:00  Adept x2, Probe (Chrono Boost)  
  59  5:07  Probe (Chrono Boost)  
  61  5:16  Shield Battery  
  61  5:17  Probe (Chrono Boost)  
  61  5:18  Probe (Chrono Boost)  
  61  5:19  Probe (Chrono Boost)  
  63  5:21  Stalker x2  
  63  5:27  Probe x2 (Chrono Boost)  
  63  5:28  Probe (Chrono Boost)  
  70  5:34  Probe, Pylon  
  71  5:36  Observer, Probe  
  71  5:38  Probe  
  74  5:47  Stalker x2  
  74  5:48  Stalker  
  74  5:49  Stalker  
  76  5:52  Gateway  
  76  5:53  Gateway  
  76  5:54  Gateway  
  74  5:58  Gateway  
  74  6:01  Warp Prism (Chrono Boost)  
  76  6:10  Zealot  
  78  6:11  Stalker x2, Protoss Ground Weapons Level 2 (Chrono Boost)  
  78  6:14  Charge (Chrono Boost)  
  78  6:15  Stalker  
  85  6:18  Probe  
  85  6:23  Photon Cannon  
  85  6:29  Pylon  
  85  6:48  Stalker  
  85  6:49  Stalker x6  
  95  7:04  Stalker  
  95  7:07  Pylon x2  
  95  7:08  Pylon  
  97  7:16  Nexus  
  97  7:21  Stalker x2  
  101  7:29  Stalker x6  
  108  7:32  Probe  
  108  7:35  Probe x2  
  111  7:43  Pylon  
  111  7:46  Probe  
  111  7:47  Probe  
  113  7:53  Probe  
  113  7:55  Zealot x5  
  113  7:58  Probe  
  125  8:01  Gateway, Probe  
  125  8:03  Gateway  
  125  8:04  Pylon  
  125  8:05  Probe  
  127  8:10  Zealot x2, Probe  
  132  8:23  Robotics Bay  
  126  8:30  Observer  
  126  8:32  Probe x2, Photon Cannon  
  128  8:35  Shield Battery  
  128  8:38  Zealot x3  
  128  8:39  Zealot x5  
  138  8:50  Probe  
  127  8:59  Shield Battery  
  127  9:00  Zealot x10  
  139  9:08  Disruptor (Chrono Boost)  
  139  9:09  Probe  
  139  9:10  Probe x2  
  139  9:12  Assimilator  
  139  9:13  Assimilator  
  123  9:25  Stalker x8  
  123  9:29  Stalker  
  123  9:30  Stalker  
  143  9:32  Probe  
  143  9:35  Disruptor (Chrono Boost)  
  143  9:36  Probe  
  146  9:38  Probe  
  146  9:43  Pylon  
  149  9:49  Photon Cannon  
  149  10:01  Disruptor (Chrono Boost)  
  149  10:02  Nexus  
  149  10:04  Templar Archives  
  149  10:07  Zealot  
  130  10:34  Stalker x5  
  138  10:37  Pylon x2  
  138  10:38  Pylon  
  138  10:41  Probe  
  138  10:42  Probe  
  121  10:45  Disruptor (Chrono Boost), Stalker x5  
  120  10:56  Shield Battery  
  120  10:58  Zealot x2, High Templar x2, Pylon  
  120  11:02  Archon  
  128  11:12  Assimilator  
  128  11:14  Assimilator  
  128  11:23  Probe x2  
  100  11:34  Stalker x6  
Tags
 
Add a new tag
Caveats
  • Supply blocks, unpowered buildings, or Contaminate may cause inaccurate times.
  • Supply counts are checked every 10 seconds.